 Dungeon Crawl Stone Soup version 0.28-a0-724-g66f9036eb4 (webtiles) character file.

Game seed: 17530776115398438923

2233 KoroneIsBestGirl the Thaumaturge (level 9, 0/52 HPs)
             Began as a Deep Elf Ice Elementalist on Oct 26, 2021.
             Was an Initiate of Gozag.
             Slain by an orc warrior (21 damage)
             ... on level 8 of the Dungeon.
             The game lasted 00:12:42 (8923 turns).

KoroneIsBestGirl the Thaumaturge (DEIE)             Turns: 8923, Time: 00:12:43

Health: 0/52       AC:  4    Str:  5    XL:     9   Next: 14%
Magic:  20/23      EV: 18    Int: 24    God:    Gozag
Gold:   361        SH:  0    Dex: 21    Spells: 20/24 levels left

rFire   . . .      SeeInvis .   b - +1 dagger (venom)
rCold   . . .      Faith    .   (no shield)
rNeg    . . .      Spirit   .   (no armour)
rPois   .          Reflect  .   (no helmet)
rElec   .          Harm     .   (no cloak)
rCorr   .          Rampage  .   f - +2 pair of gloves
Will    .....                   o - +0 pair of boots
Stlth   ++........              (no amulet)
HPRegen 0.17/turn               d - +6 ring of dexterity
MPRegen 0.18/turn               q - +4 ring of evasion

@: gold aura, freezing walls
A: no striking features
a: Renounce Religion, Potion Petition, Call Merchant, Bribe Branch


You were on level 8 of the Dungeon.
You worshipped Gozag.
Gozag was aware of your devotion.
You visited 2 branches of the dungeon, and saw 9 of its levels.

You collected 486 gold pieces.
You paid 125 gold pieces to Gozag.

Inventory:

Hand Weapons
 b - a +1 dagger of venom (weapon)
Armour
 f - a +2 pair of gloves (worn)
 o - a +0 pair of boots (worn)
Jewellery
 a - a ring of resist corrosion
 d - a +6 ring of dexterity (left hand)
 q - a +4 ring of evasion (right hand)
 r - a ring of willpower
Wands
 u - a wand of flame (20)
 x - a wand of acid (10)
Scrolls
 e - a scroll of blinking
 i - 4 scrolls of magic mapping
 j - a scroll of amnesia
 k - 3 scrolls of teleportation
 l - a scroll of silence
 m - 2 scrolls of enchant weapon
 n - 6 scrolls of identify
 p - a scroll of summoning
 w - a scroll of fear
Potions
 c - 3 potions of degeneration
 g - a potion of flight
 h - 3 potions of curing
 s - a potion of magic
 t - a potion of invisibility
 v - a potion of lignification
 z - a potion of might


   Skills:
 + Level 3.7(1.8) Fighting
 - Level 4.0(2.0) Short Blades
 + Level 7.5(3.7) Dodging
 - Level 2.4(1.2) Stealth
 + Level 8.4(4.4) Spellcasting
 + Level 7.9(3.9) Ice Magic


You had 20 spell levels left.
You knew the following spells:

 Your Spells              Type           Power      Damage    Failure   Level
a - Freeze                Ice            96%        1d11      1%          1
b - Frozen Ramparts       Ice            48%        1d6       5%          3

Your spell library contained the following spells:

 Spells                   Type           Power      Damage    Failure   Level
 Ozocubu's Armour         Ice            24%        N/A       5%          3
 Beastly Appendage        Tmut           10%        N/A       10%         1
 Pain                     Necr           20%        1d5       10%         1
 Wereblood                Tmut           5%         N/A       14%         2
 Spider Form              Tmut/Pois      2%         N/A       28%         3
 Hailstorm                Conj/Ice       14%        3d5       38%         4
 Cause Fear               Hex            2%         N/A       67%         4
 Agony                    Necr           5%         N/A       95%         5
 Excruciating Wounds      Necr           2%         N/A       95%         5
 Dragon Form              Tmut           2%         N/A       100%        7
 Dragon's Call            Summ           2%         N/A       100%        9


Dungeon Overview and Level Annotations

Branches:
Dungeon (8/15)             Temple (1/1) D:5
   Lair: D:8-11

Altars:
Ashenzari
Cheibriados
Dithmenos
Elyvilon
Fedhas
Gozag
Hepliaklqana
Kikubaaqudgha
Makhleb
Nemelex Xobeh
Okawaru
Qazlal
Ru
Sif Muna
Trog
Uskayaw
Vehumet
Xom
Yredelemnul
Zin
The Shining One

Shops:
D:2 =[!   D:4 !   D:6 !(*


Message History

The orc closely misses you. The orc warrior misses you.
You hit the orc.
The orc is poisoned.
The orc is lightly wounded.
The orc misses you.
You closely miss the orc.
The orc is lightly wounded.
The orc warrior closely misses you.
You hit the orc.
The orc looks as sick as possible!
The orc is severely wounded.
The orc barely misses you.
The orc warrior hits you from afar with a +0 glaive!
You are too injured to fight recklessly!
You are too injured to fight recklessly!
You are too injured to fight recklessly!
You are too injured to fight recklessly!
You are too injured to fight recklessly!
You are too injured to fight recklessly!
You are too injured to fight recklessly!
You are too injured to fight recklessly!
You are too injured to fight recklessly!
You are too injured to fight recklessly!
You are too injured to fight recklessly!
You are too injured to fight recklessly!
You are too injured to fight recklessly!
You are too injured to fight recklessly!
You are too injured to fight recklessly!
You are too injured to fight recklessly!
You are too injured to fight recklessly!
You are too injured to fight recklessly!
Casting: Freeze (safe; 1% risk of failure)
Confirm with . or Enter, or press ? or * to list all spells.
Casting: Frozen Ramparts (dangerous; 5% risk of failure)
Press: ? - help, Dir - look around, f - activate The walls around you are covered in ice.
You kill the orc!
The wall freezes the orc warrior.
The orc warrior barely misses you.
The wall freezes the orc warrior.
The orc warrior hits you from afar with a +0 glaive!!
You die...
Your body crumbles into a pile of gold.

.##[......##.....#..###
.###......#.........#.##
..#....................<
..........#...........#
..........##.........#
##..........#....[...#
.....................#
.........##.#.#....#....
.........##.#.#?@..# #..
.........#.....$$###
..##.......##....o
#..##.#...###...##.
#..#####.......## #.
.....####......# #.
......#....#.#..# ..
......#...#####.......).
..........##.##........
#.


You could see an orc warrior.

Vanquished Creatures
  Sigmund (D:4)
  2 water moccasins
  2 black bears
  2 ice beasts
  An orc warrior (D:6)
  2 sky beasts
  A necrophage (D:3)
  An ogre (D:7)
  2 phantoms
  A kobold brigand (D:7)
  A bullfrog (D:7)
  2 scorpions
  2 centaur zombies
  A bullfrog zombie (D:5)
  2 jellies (D:4)
  2 centaur skeletons
  6 orc wizards
  A hound skeleton (D:4)
  A howler monkey skeleton (D:7)
  11 adders
  A shadow imp (D:4)
  An ufetubus (D:7)
  2 adder skeletons
  3 dart slugs
  27 orcs
  9 ball pythons
  3 bats
  4 endoplasms
  A giant cockroach (D:4)
  10 goblins
  8 hobgoblins
  5 jackals
  17 kobolds
  A quokka (D:2)
  4 frilled lizards
  5 rats
145 creatures vanquished.

Vanquished Creatures (others)
  2 plants (D:3)
2 creatures vanquished.

Grand Total: 147 creatures vanquished

Notes
Turn   | Place    | Note
-------+----------+-------------------------------------------
     0 | D:1      | KoroneIsBestGirl the Deep Elf Ice Elementalist began the
                  | quest for the Orb.
     0 | D:1      | Reached XP level 1. HP: 10/10 MP: 6/6
   322 | D:1      | Reached XP level 2. HP: 11/15 MP: 5/8
  1157 | D:2      | Found Passoodd's Jewellery Emporium.
  1164 | D:2      | Reached XP level 3. HP: 19/19 MP: 6/10
  1300 | D:2      | Found Qoghalah's Armour Emporium.
  1447 | D:2      | Reached skill level 4 in Spellcasting
  1447 | D:2      | Reached skill level 5 in Ice Magic
  1524 | D:2      | Found Deur's Armour Shop.
  1618 | D:2      | Found Gelyd's Distillery.
  1916 | D:3      | Learned a level 3 spell: Frozen Ramparts
  1930 | D:3      | Reached XP level 4. HP: 8/23 MP: 3/12
  2844 | D:3      | Found a hide-covered altar of Uskayaw.
  2948 | D:3      | Noticed a necrophage
  2955 | D:3      | Killed a necrophage
  2956 | D:3      | Reached skill level 5 in Spellcasting
  2956 | D:3      | Reached XP level 5. HP: 22/28 MP: 6/14
  3308 | D:4      | Reached XP level 6. HP: 24/32 MP: 6/16
  3576 | D:4      | Noticed Sigmund
  3581 | D:4      | Killed Sigmund
  3582 | D:4      | Reached skill level 1 in Short Blades
  3582 | D:4      | Reached skill level 5 in Dodging
  3744 | D:4      | Found Daipp's Distillery.
  3808 | D:4      | Found a shimmering altar of Xom.
  3813 | D:4      | Reached skill level 1 in Fighting
  3813 | D:4      | Reached skill level 6 in Spellcasting
  3926 | D:4      | Reached XP level 7. HP: 34/38 MP: 14/18
  4528 | D:5      | Entered Level 5 of the Dungeon
  4645 | D:5      | Found a staircase to the Ecumenical Temple.
  4736 | Temple   | Entered the Ecumenical Temple
  4980 | D:5      | Reached XP level 8. HP: 9/44 MP: 16/20
  5226 | D:5      | Found a white marble altar of Elyvilon.
  5346 | D:5      | Reached skill level 7 in Spellcasting
  5451 | D:5      | Found a glowing golden altar of the Shining One.
  5735 | D:6      | Found a broken altar of Ashenzari.
  5747 | D:6      | Found an ancient bone altar of Kikubaaqudgha.
  5761 | D:6      | Became a worshipper of Ashenzari the Shackled
  5788 | D:6      | Found Ecsiewk's General Store.
  5979 | D:6      | Found a shimmering blue altar of Sif Muna.
  5985 | D:6      | Identified Sif Muna's Papyrus of Earth
  6079 | D:6      | Found Teofytar's Antique Weapon Shop.
  6175 | D:6      | Found a glowing silver altar of Zin.
  6246 | D:6      | Found Ymit's Distillery.
  6425 | D:6      | Found a sparkling altar of Nemelex Xobeh.
  7883 | D:7      | Found a large runed translucent door.
  7883 | D:7      | Found a large runed translucent door.
  7942 | D:7      | Reached skill level 8 in Spellcasting
  8171 | D:7      | Reached XP level 9. HP: 44/52 MP: 23/23
  8230 | D:7      | Found a stormy altar of Qazlal.
  8358 | D:7      | Found a snail-covered altar of Cheibriados.
  8361 | D:7      | Found an opulent altar of Gozag.
  8364 | D:7      | Fell from the grace of Ashenzari
  8364 | D:7      | Became a worshipper of Gozag Ym Sagoz the Greedy
  8923 | D:8      | Slain by an orc warrior

Illustrated notes

Levels and vault maps discovered:
D:1:      minmay_arrival_solitary_statue, layout_rooms, minmay_hedge_maze,
          minmay_misc_feat_room, amcnicky_mini_pool_small
D:2:      layout_rooms, serial_shops, nicolae_shop_waterfront,
          nicolae_shop_stone, shop_statue, shop_coins
D:3:      corexii_shack_village, layout_basic, eat_drink_and_be_merry_uskayaw,
          minmay_statues_item
D:4:      layout_cave_pools, mainiacjoe_overflow_concentric_impassable,
          serial_shops, kennysheep_mini, minivault_25, uniq_sigmund
D:5:      layout_rooms, elyvilon_altar_3, tso_metal_star,
          minmay_temple_entry_poolview
D:6:      layout_loops_ring, nemelex_diamond_rough_becter, led_sif_book,
          lemuel_coloured_pillars_altar, lemuel_tele_altar,
          mainiacjoe_overflow_boulevard, serial_shops, nicolae_shop_waterfront,
          shop, shop_fountains
D:7:      layout_gridville, lemuel_round_altar, jmf_multi_god_temple2
D:8:      layout_cave_pools, biasface_ghost_orc_armoury
Temple:   dpeg_three_leaves_temple

Skill      XL: |  1  2  3  4  5  6  7  8 |
---------------+-------------------------+-----
Dodging        | 3 4 5 6 7 |  7.5
Spellcasting   | 4 5 6 8 |  8.4
Ice Magic      | 5 6 7 |  7.9
Short Blades   | 1 2 4 |  4.0
Fighting       | 1 2 3 |  3.7
Stealth        | |  2.4

Action                   |  1- 3 |  4- 6 |  7- 9 || total
-------------------------+-------+-------+-------++-------
Melee: Dagger            |    11 |    45 |   264 ||   320
 Cast: Freeze            |    57 |    50 |    66 ||   173
       Frozen Ramparts   |     1 |     6 |    12 ||    19
Invok: Curse Item        |       |       |     1 ||     1
  Use: Potion            |       |       |     8 ||     8
 Stab: Sleeping          |       |     1 |     2 ||     3
Armor: Robe              |     5 |     9 |    52 ||    66
       Skin              |       |       |    19 ||    19
Dodge: Dodged            |    34 |    64 |   342 ||   440

Table legend: (Time is in decaauts)
 A = Elapsed time spent in this place.
 B = Non-inter-level travel time spent in this place.
 C = Inter-level travel time spent in this place.
 D = Time resting spent in this place.
 E = Time spent auto-exploring this place.
 F = Levels seen in this place.
 G = Mean time per level.
                   A        B        C        D        E       F      G
               +--------+--------+--------+--------+--------+-----+--------+
         Total |   8886 |   8462 |    424 |    532 |   6748 |   9 |  987.3 |
       Dungeon |   8785 |   8391 |    394 |    532 |   6690 |   8 | 1098.1 |
        Temple |    101 |     71 |     30 |      0 |     58 |   1 |  101.0 |
               +--------+--------+--------+--------+--------+-----+--------+

Top non-repeatable levels by time:
     D:7: 1460 daAuts
     D:3: 1392 daAuts
     D:6: 1385 daAuts
     D:4: 1293 daAuts
     D:1: 1156 daAuts
     D:5: 1027 daAuts
     D:2: 682 daAuts
     D:8: 387 daAuts
  Temple: 101 daAuts
